 Dungeon Crawl Stone Soup version 0.26.1-11-gd32895ea62 (webtiles) character file.

Game seed: 14879393638733051764

84 Zeld the Sneak (level 4, -1/29 HPs)
             Began as an Octopode Brigand on May 14, 2021.
             Slain by an orc (4 damage)
             ... on level 2 of the Dungeon.
             The game lasted 00:02:42 (2798 turns).

Zeld the Sneak (Octopode Brigand)                   Turns: 2798, Time: 00:02:43

Health: -1/29      AC:  1    Str: 11    XL:     4   Next: 45%
Magic:  6/6        EV: 13    Int: 13    God:
Gold:   55         SH:  0    Dex: 13    Spells: 6/6 levels left

rFire    . . .     SeeInvis .   a - +2 dagger
rCold    . . .     Faith    .   (no shield)
rNeg     . . .     Spirit   .   (helmet restricted)
rPois    .         Reflect  .   (no amulet)
rElec    .         Harm     .   (no ring)
rCorr    .         Rampage  .   (no ring)
Will     .....                  (no ring)
Stlth    ++++......             (no ring)
HPRegen  0.09/turn              (no ring)
MPRegen  0.10/turn              (no ring)
                                (no ring)
                                (no ring)

@: no status effects
A: almost no armour, stealthy swim, amphibious, 8 rings, constrict 8, camouflage
1, gelatinous body 1
a: no special abilities


You were on level 2 of the Dungeon.
You visited 1 branch of the dungeon, and saw 3 of its levels.

You collected 55 gold pieces.

Inventory:

Hand Weapons
 a - a +2 dagger (weapon)
Missiles
 b - 8 poisoned darts (quivered)
 c - 2 curare-tipped darts
Scrolls
 d - 3 scrolls of remove curse {unknown}
 e - a scroll of enchant armour {unknown}
 g - a scroll of amnesia {unknown}
 k - a scroll of identify {unknown}
Potions
 f - a potion of heal wounds {unknown}
 h - a potion of haste {unknown}
 i - a potion of degeneration {unknown}
 j - a potion of mutation {unknown}
 l - a potion of resistance {unknown}


   Skills:
 - Level 2.0 Fighting
 * Level 3.9 Short Blades
 - Level 2.0 Throwing
 - Level 1.0 Dodging
 - Level 5.3 Stealth
 + Level 1.8 Spellcasting


You had 6 spell levels left.
You didn't know any spells.
Your spell library was empty.

Dungeon Overview and Level Annotations

Branches:
Dungeon (3/15)

Altars:
Uskayaw
Xom
The Shining One

Annotations:
D:3 1 transporter


Innate Abilities, Weirdness & Mutations

You cannot wear most types of armour.
You are very stealthy in the water. (Stealth+)
You are amphibious.
You can wear up to eight rings at the same time.
You can use your tentacles to constrict eight enemies at once.
Your skin changes colour to match your surroundings (Stealth+).
Your rubbery body absorbs attacks. (AC +1, EV +1)


Message History

The orc wizard blinks!
The orc wizard gestures at you while chanting.
The magic dart hits you.
* * * LOW HITPOINT WARNING * * *
The orc wizard casts a spell.
The orc wizard blinks!
There is an open door here.
Which direction?
You close the door.
You close the door.
You open the door.
You close the door.
An orc opens the door.
An orc is nearby!
An orc wizard opens the door.
You closely miss the orc. You grab the orc.
You squeeze the orc, but do no damage. You constrict the orc.
The orc wizard hits you with a +0 dagger.
* * * LOW HITPOINT WARNING * * *
The orc hits you.
You die...

#.######8######.# #.# #< #.#
#.#####.# #.# ### ###.
#.###..# #..###.####### #...
#..##..###..##........# #...
##..##..#..##..#......# #...
##............#......# #...
#########.####......######...
#.##.o......'.)......
#.##@#....o.....#####
#.##o#.....≈≈.≈......
#.#....###.≈≈≈≈.#####
#.#....# #≈≈≈≈≈≈.....
#.#....# #.≈.≈≈.#####
#.#....###...........
#.##....####.........
#.##....# #.#.....##
#.##....# ##'#..)(.'.


You could see an orc wizard (fast) and an orc.

Vanquished Creatures
  2 adders (D:2)
  A worm (D:3)
  2 dart slugs (D:1)
  3 orcs
  5 bats
  A bat skeleton (D:2)
  2 giant cockroaches
  6 goblins
  11 hobgoblins
  2 quokkas (D:2)
  3 frilled lizards
  6 kobolds
  A quokka skeleton (D:2)
  7 rats
52 creatures vanquished.

Vanquished Creatures (others)
  2 withered plants (D:2)
2 creatures vanquished.

Grand Total: 54 creatures vanquished

Notes
Turn   | Place    | Note
-------+----------+-------------------------------------------
     0 | D:1      | Zeld the Octopode Brigand began the quest for the Orb.
     0 | D:1      | Reached XP level 1. HP: 14/14 MP: 1/1
   361 | D:1      | Reached XP level 2. HP: 14/19 MP: 2/2
   788 | D:1      | Reached skill level 1 in Spellcasting
   912 | D:1      | Reached XP level 3. HP: 24/24 MP: 4/4
  1819 | D:2      | Reached XP level 4. HP: 27/29 MP: 6/6
  1913 | D:2      | Found a hide-covered altar of Uskayaw.
  1913 | D:2      | Found a shimmering altar of Xom.
  1914 | D:2      | Found a glowing golden altar of the Shining One.
  2094 | D:3      | Found a transporter.
  2798 | D:2      | Slain by an orc

Illustrated notes

Levels and vault maps discovered:
D:1:      shiori_arrival_oz, layout_loops_ring, corexii_hall_statues_i
D:2:      layout_basic, gammafunk_temple_overflow_claw, serial_undead,
          serial_undead_c, serial_undead_f, serial_undead_a, serial_undead_e
D:3:      gammafunk_steamed_eel, layout_rooms, cheibriados_altar_1

Skill      XL: |  1  2 |
---------------+-------+-----
Spellcasting   | 1 |  1.8
Short Blades   | 3 |  3.9
Fighting       | |  2.0
Throwing       | |  2.0
Dodging        | |  1.0
Stealth        | |  5.3

Action                   |  1- 3 |  4- 6 || total
-------------------------+-------+-------++-------
Melee: Dagger            |    80 |    29 ||   109
       Constrict         |    22 |     7 ||    29
       Tentacles         |    12 |     5 ||    17
 Stab: Sleeping          |    11 |     5 ||    16
Armor: Skin              |     3 |       ||     3
Dodge: Dodged            |    45 |    20 ||    65
